Unix NetHack Version 5.0.0-0 post-release - last build Jun 10 2026 00:39:30 (3ee93aec679c4c4259841fe613dc97188e26a321,branch:main).

Game began 2026-06-24 12:17:09, ended 2026-06-24 12:43:20.

Booker, lawful male human Knight

                                                     -----------        --
                                                     |.[.......|      --.--
                                                     |.........|     --...--
                                                  ###..........|    #...%..|
                                                 ##  |.........|    #--<..--
                 |                      ###%     %   -.---------    # --.--
                 |.         ##    ---------#     %    #             #   --
                 +...        #####........|##%#%##    #             #
                 |\...h@u######  #|........#          "             #
                 ----.           #|.......|#          #             #
                                 #|.......|#          #             ####
                                 #|..s....|##########################  #
                                 #---------           ##          --.--#
                                 0################    -|----      |..{|#
                                                 ##   |....|      |...|#
                                                  #   |....|      |>...#
                                                  0###......      |..(|
                                                      ------      -----

Booker the Esquire       St:16 Dx:8 Co:13 In:9 Wi:14 Ch:17  Lawful S:1366
Dlvl:7  $:226 HP:0(37) Pw:34(34) AC:1  Xp:5/210 T:3535  Burdened

Latest messages:
 You kill the goblin!
 The bugbear picks up an orcish helm.
 You hit the bugbear!
 The bugbear turns to flee.
 The bugbear picks up a cursed orcish dagger.
 You caitiff!
 You miss the bugbear.
 The bugbear wields a cursed orcish dagger!
 The orcish dagger welds itself to the bugbear's hand!
 You caitiff!
 You kill the bugbear!
 Welcome to experience level 5.
 The hill orc picks up a cram ration.
 You hit the hill orc!
 The hill orc misses!
 You hit the hill orc.
 The hill orc misses!
 You kill the hill orc!
 The hobgoblin picks up an orcish helm.
 You kill the hobgoblin!
 The kobold picks up a maple wand.
 You hit the kobold.
 You kill the kobold!
 The hobgoblin picks up a maple wand.
 You kill the hobgoblin!
 The bugbear picks up an orcish helm.
 The bugbear misses!
 You miss the bugbear.
 You hit the bugbear!
 The bugbear misses!
 You hit the bugbear!
 The bugbear misses!
 The bugbear hits!
 You miss the bugbear.
 The bugbear misses!
 You miss the bugbear.
 You hit the bugbear.
 The bugbear hits!
 The bugbear misses!
 You miss the bugbear.
 The bugbear just misses!
 You miss the bugbear.
 The bugbear hits!
 You kill the bugbear!
 The dwarf queen picks up an orcish helm.
 The dwarf queen swings her dwarvish mattock.
 The dwarf queen misses!
 The dwarf queen swings her dwarvish mattock.
 The dwarf queen hits!
 You die...

Inventory:
 Coins    ('$')
  $ - 226 gold pieces
 Weapons  (')')
  a - an uncursed +1 long sword (weapon in right hand)
  b - an uncursed +1 lance
 Armor    ('[')
  d - an uncursed +0 helmet (being worn)
  f - an uncursed +0 pair of leather gloves (being worn)
  z - an uncursed +0 pair of iron shoes (being worn)
  e - an uncursed +0 small shield (being worn)
  A - an uncursed greased +0 dwarvish cloak (being worn)
  c - an uncursed +1 ring mail (being worn)
 Comestibles  ('%')
  g - 9 uncursed apples
  h - 13 uncursed carrots
  o - 3 uncursed food rations
  E - an uncursed tripe ration
  q - 4 uncursed lichen corpses
 Scrolls  ('?')
  H - an uncursed scroll of enchant armor
  n - an uncursed scroll of identify
  G - an uncursed scroll of punishment
  i - an uncursed scroll of remove curse
  t - an uncursed scroll of teleportation
 Potions  ('!')
  y - a blessed potion of confusion
  p - a blessed potion of healing
  w - 8 uncursed potions of healing
 Rings    ('=')
  v - an uncursed ring of see invisible (on left hand)
 Wands    ('/')
  D - an uncursed wand of polymorph (0:2)
  I - an uncursed wand of slow monster (0:5)
  C - an uncursed wand of speed monster (0:4)
 Gems/Stones  ('*')
  x - 2 uncursed jet stones

Booker the Knight's attributes:

Background:
 You were an Esquire, a level 5 male human Knight.
 You were lawful, on a mission for Lugh
 who was opposed by Brigit (neutral) and Manannan Mac Lir (chaotic).
 You were right-handed.
 You were in the Dungeons of Doom, on level 7.
 You entered the dungeon 3535 turns ago.
 You had 210 experience points, 110 more were needed to attain level 6.
 Your score was 1366 before end-of-game adjustments.

Basics:
 You had 0 out of 37 hit points.
 You had all 34 energy points (spell power).
 Your armor class was 1.
 Your wallet contained 226 zorkmids.
 Autopickup was on for '$%?!"=/' plus thrown, with exceptions.

Final Characteristics:
 Your strength was 16 (limit:18/100).
 Your dexterity was 8 (limit:18).
 Your constitution was 13 (limit:18).
 Your intelligence was 9 (limit:18).
 Your wisdom was 14 (limit:18).
 Your charisma was 17 (limit:18).

Final Status:
 You weren't hungry.
 You were burdened; movement was slightly slowed.
 You were wielding a long sword.
 You had basic skill with long sword.

Final Attributes:
 You were piously aligned.
 Your items were somewhat protected from fire.
 Your items were somewhat protected from cold.
 You saw invisible.
 You could jump.
 You were warded.
 You are dead.

Miscellaneous:
 You disabled loading and storing of bones levels.
 Total elapsed playing time was 26 minutes and 10 seconds.

Major events:
 Turn
    1: Booker the lawful male human Knight entered the dungeon
 1119: entered the Gnomish Mines
 1568: attained the rank of Esquire (level 3)
 3535: killed by a dwarf queen

You didn't know any spells.

Skills:
 Fighting Skills
   bare handed combat [Unskilled]
   two weapon combat  [Unskilled]
   riding             [Basic]
 Weapon Skills
   dagger             [Unskilled]
   knife              [Unskilled]
   axe                [Unskilled]
   pick-axe           [Unskilled]
   short sword        [Unskilled]
   broadsword         [Unskilled]
   long sword         [Basic]
   two-handed sword   [Unskilled]
   saber              [Unskilled]
   club               [Unskilled]
   mace               [Unskilled]
   morning star       [Unskilled]
   flail              [Unskilled]
   hammer             [Unskilled]
   polearms           [Unskilled]
   spear              [Unskilled]
   trident            [Unskilled]
   lance              [Basic]
   bow                [Unskilled]
   crossbow           [Unskilled]
 Spellcasting Skills
   attack spells      [Unskilled]
   healing spells     [Unskilled]
   clerical spells    [Unskilled]

Voluntary challenges:
 Character rerolling was not enabled.
 You never genocided any monsters.
 You never polymorphed an object.
 You never changed form.
 You used no wishes.
Achievements:
 You entered the Gnomish Mines.
 You attained the rank of Esquire.

 The Dungeons of Doom: levels 1 to 7
    Level 1:
       An altar.
    Level 2:
       An altar to Lugh, a fountain.
    Level 3:
       A fountain, a grave.
       Stairs down to The Gnomish Mines.
    Level 4:
    Level 5:
       A fountain.
    Level 6:
       A fountain, a sink.
    Level 7: <- You were here.
       A throne, a fountain.
       Final resting place for
          you, killed by a dwarf queen.
 The Gnomish Mines:
    Level 4:


Vanquished creatures:
  a giant spider
  2 bugbears
  a yellow light
  a ghoul
  a floating eye
  a kitten
  a dwarf
  2 homunculi
  2 hill orcs
  a rothe
  a giant bat
  a monkey
  a dwarf zombie
 an iguana
  2 acid blobs
  a coyote
  a hobbit
  a large kobold
  2 hobgoblins
  3 giant rats
  2 brown molds
  a gnome zombie
  9 jackals
  3 kobolds
  3 goblins
  3 sewer rats
  8 grid bugs
  6 lichens
  a newt
63 creatures vanquished.

No species were genocided or became extinct.

Game over:
                       ----------
                      /          \
                     /    REST    \
                    /      IN      \
                   /     PEACE      \
                  /                  \
                  |      Booker      |
                  |      226 Au      |
                  |   killed by a    |
                  |   dwarf queen    |
                  |                  |
                  |                  |
                  |       2026       |
                 *|     *  *  *      | *
        _________)/\\_//(\/(/\)/\//\/|_)_______

Fare thee well Booker the Knight...

You died in The Dungeons of Doom on dungeon level 7 with 1344 points,
and 226 pieces of gold, after 3535 moves.
You were level 5 with a maximum of 37 hit points when you died.

